Map: Tours du crépuscule

Players

Frost (Seed) - Winner!

  • Race: Protoss Protoss
  • League: Master

MVPCenter

  • Race: Terran Terran
  • League: Master

VOD

Have the link to the VOD?

Description

Adept drop

Time

  • Played on: Nov. 14, 2015, 10:12 a.m.
  • Length: 6:45
Show
View Real Time Build Order
Export as new Build Order

Frost Protoss - Winner!

Build Orders: 1 Gate Expand 

Get SALT Encoding   

  12  0:00  Probe (Chrono Boost)  
  13  0:13  Pylon  
  13  0:17  Probe (Chrono Boost)  
  14  0:28  Probe (Chrono Boost)  
  15  0:35  Gateway  
  15  0:39  Probe (Chrono Boost)  
  16  0:43  Assimilator  
  16  0:49  Probe (Chrono Boost)  
  17  0:58  Pylon  
  17  1:00  Probe (Chrono Boost)  
  18  1:10  Probe (Chrono Boost)  
  19  1:26  Nexus  
  19  1:35  Cybernetics Core  
  19  1:38  Probe (Chrono Boost)  
  20  1:43  Assimilator  
  20  1:49  Probe (Chrono Boost)  
  21  1:59  Probe (Chrono Boost)  
  22  2:11  Mothership Core (Chrono Boost), Adept  
  26  2:19  Warp Gate (Chrono Boost)  
  27  2:30  Probe (Chrono Boost)  
  27  2:38  Twilight Council  
  27  2:40  Probe x2 (Chrono Boost)  
  29  2:50  Probe (Chrono Boost)  
  31  2:51  Probe (Chrono Boost)  
  31  2:56  Robotics Facility  
  31  3:01  Probe (Chrono Boost)  
  31  3:02  Probe (Chrono Boost)  
  33  3:10  Probe (Chrono Boost)  
  33  3:12  Probe (Chrono Boost)  
  35  3:14  Resonating Glaives (Chrono Boost)  
  35  3:20  Probe  
  35  3:24  Probe  
  35  3:26  Gateway  
  37  3:28  Gateway  
  37  3:31  Probe  
  38  3:36  Probe  
  38  3:38  Warp Prism  
  39  3:44  Probe  
  39  3:48  Probe  
  43  3:49  Pylon  
  43  3:59  Gateway  
  43  4:03  Gateway  
  43  4:05  Gateway  
  43  4:07  Probe  
  44  4:15  Observer, Pylon  
  44  4:21  Adept x2  
  44  4:23  Adept  
  51  4:27  Probe, Pylon  
  51  4:29  Probe  
  53  4:35  Observer  
  53  4:36  Pylon  
  54  4:41  Assimilator  
  54  4:42  Assimilator  
  54  4:48  Dark Shrine  
  54  5:01  Adept x5  
  54  5:02  Adept  
  64  5:09  Warp Prism  
  50  5:24  Probe x2  
  48  5:36  Probe x2  
  48  5:40  Stalker x2  
  48  5:41  Stalker  
  56  5:48  Probe x2  
  58  5:57  Nexus  
  58  6:00  Pylon  
  58  6:02  Pylon  
  58  6:03  Probe  
  59  6:04  Probe  
  60  6:18  Dark Templar x3  
  66  6:27  Pylon  
  66  6:31  Dark Templar  
Show
View Real Time Build Order
Export as new Build Order

MVPCenter Terran 

Build Orders:  

Get SALT Encoding   

  12  0:00  SCV  
  13  0:13  SCV  
  14  0:18  Supply Depot  
  14  0:25  SCV  
  15  0:39  SCV  
  15  0:40  Barracks  
  16  0:45  Refinery  
  16  0:51  SCV  
  17  1:04  SCV  
  18  1:16  SCV  
  19  1:28  Orbital Command  
  19  1:29  Barracks Reactor  
  19  1:40  Command Center  
  19  1:51  Supply Depot  
  19  1:55  SCV  
  20  2:06  Marine  
  20  2:07  SCV  
  22  2:09  Factory, Marine  
  23  2:16  Refinery  
  23  2:19  SCV  
  24  2:24  Marine  
  24  2:27  Marine  
  26  2:31  SCV  
  27  2:42  Marine  
  27  2:43  SCV  
  29  2:45  Marine  
  30  2:52  Orbital Command  
  30  2:55  SCV  
  30  2:57  Starport, Widow Mine  
  33  3:04  Marine x2  
  35  3:07  SCV  
  36  3:18  SCV  
  36  3:19  SCV  
  38  3:23  Supply Depot  
  38  3:24  Marine x2  
  40  3:28  Factory Tech Lab  
  40  3:33  Medivac  
  42  3:36  SCV x2  
  44  3:41  Supply Depot  
  44  3:46  Marine x2  
  44  3:48  SCV, Cyclone  
  50  3:56  Supply Depot, Engineering Bay  
  50  3:58  SCV  
  50  4:00  SCV  
  52  4:06  Marine  
  52  4:07  Marine  
  54  4:10  SCV  
  54  4:12  SCV  
  56  4:25  Cyclone  
  56  4:26  SCV  
  56  4:28  Command Center  
  60  4:34  SCV  
  61  4:40  SCV  
  61  4:42  Refinery, Marine x2  
  64  4:47  SCV  
  64  4:49  Terran Infantry Weapons Level 1  
  64  4:51  Starport Tech Lab  
  65  4:53  SCV  
  66  5:00  Marine x2  
  59  5:07  SCV  
  59  5:12  SCV  
  50  5:18  Barracks  
  50  5:19  SCV, Barracks  
  46  5:24  SCV  
  44  5:31  SCV  
  45  5:36  SCV  
  45  5:39  Marine x2  
  45  5:40  Orbital Command  
  48  5:44  SCV  
  48  5:48  SCV  
  50  5:55  Starport Reactor  
  50  5:56  SCV, Marine  
  50  5:57  Marine  
  51  6:01  SCV  
  54  6:08  SCV  
  54  6:09  SCV  
  56  6:13  SCV  
  56  6:14  Marine x2  
  56  6:16  Marine  
  60  6:20  SCV  
  60  6:21  SCV  
  60  6:22  Refinery  
  60  6:25  SCV  
  63  6:32  SCV  
  66  6:33  SCV  
Tags
 
Add a new tag
Caveats
  • Supply blocks, unpowered buildings, or Contaminate may cause inaccurate times.
  • Supply counts are checked every 10 seconds.